 Dungeon Crawl Stone Soup version 0.28-a0-21-gf74fda84f9 (webtiles) character file.

Game seed: 1365948781189446972

2 freelancePsychic the Skirmisher (level 1, 0/20 HPs)
             Began as a Hill Orc Abyssal Knight on July 26, 2021.
             Was an Initiate of Lugonu.
             Slain by a hobgoblin (2 damage)
             ... on level 1 of the Dungeon.
             The game lasted 00:00:41 (181 turns).

freelancePsychic the Skirmisher (HOAK)               Turns: 181, Time: 00:00:42

Health: 0/20       AC:  3    Str: 14    XL:     1   Next: 40%
Magic:  2/2        EV: 11    Int: 12    God:    Lugonu [......]
Gold:   8          SH:  0    Dex: 10    Spells: 0/0 levels left

rFire   . . .      SeeInvis .   a - +1 hand axe
rCold   . . .      Faith    .   (no shield)
rNeg    . . .      Spirit   .   b - +0 leather armour
rPois   .          Reflect  .   (no helmet)
rElec   .          Harm     .   (no cloak)
rCorr   .          Rampage  .   (no gloves)
Will    .....                   (no boots)
Stlth   +.........              (no amulet)
HPRegen 0.06/turn               (no ring)
MPRegen 0.08/turn               (no ring)

@: no status effects
A: no striking features
a: Renounce Religion


You were on level 1 of the Dungeon.
You worshipped Lugonu.
Lugonu was noncommittal.
You visited 1 branch of the dungeon, and saw 1 of its levels.
You visited the Abyss 1 time.

You collected 8 gold pieces.

Inventory:

Hand Weapons
 a - a +1 hand axe (weapon)
Armour
 b - a +0 leather armour (worn)
Potions
 c - 3 potions of curing {unknown}


   Skills:
 + Level 3.7 Fighting
 + Level 2.9 Axes
 - Level 2.1 Armour
 - Level 0.7 Dodging
 - Level 2.4 Invocations


You couldn't memorise any spells.
You didn't know any spells.
Your spell library was empty.

Dungeon Overview and Level Annotations

Branches:
Dungeon (1/15)

Altars:


Message History

Your surroundings suddenly seem different.
A ball python comes into view.
The ball python hisses angrily.
A hobgoblin comes into view.
The hobgoblin shouts!
A quokka comes into view.
An endoplasm comes into view.
Found 21 stones and a hand axe.
Found a faded altar of an unknown god.
Found an escape hatch in the floor.
The endoplasm freezes you.
You are frozen.
The ball python closely misses you. The ball python grabs you.
The ball python constricts you.
You escape the ball python's grasp.
The ball python bites you. The ball python barely misses you.
Found a scroll labelled SITRUH KOZEMEIME.
Your leather armour prevents you from hitting the ball python.
The ball python bites you. The ball python grabs you.
The ball python constricts you.
You barely miss the ball python.
The ball python bites you but does no damage.
The ball python constricts you. The ball python bites you.
* * * LOW HITPOINT WARNING * * *
The ball python constricts you.
You escape the ball python's grasp.
The endoplasm quivers.
The frilled lizard hisses angrily.
You closely miss the ball python. The ball python barely misses you.
The ball python grabs you.
* * * LOW HITPOINT WARNING * * *
The ball python constricts you.
You hit the ball python.
You kill the ball python!
Lugonu accepts your kill. The hobgoblin hits you.
* * * LOW HITPOINT WARNING * * *
The endoplasm freezes you.
You are frozen.
* * * LOW HITPOINT WARNING * * *
The hobgoblin hits you.
You die...

###....#### ##..###..
#..........
.......##..#......≈≈
#.#....#..###...≈≈≈≈
#.#......##...≈≈≈≈≈.
#####.........#..≈≈≈≈≈..
#.........l..###..≈≈≈..<
....?...J^.###....≈≈≈≈..
.......@##.##......≈≈≈≈.
......#.gJr##.≈≈≈....≈.≈
......####.#...≈≈≈.....≈
.:......##.##....≈......
#...........###.....###.
## .#.....)...####.## .#
#...>....(# ###
#.........# #.........#


You could see 2 endoplasms, a quokka, a hobgoblin and a frilled lizard.

Vanquished Creatures
  A ball python (D:1)
  A hobgoblin (D:1)
2 creatures vanquished.

Notes
Turn   | Place    | Note
-------+----------+-------------------------------------------
     0 | Abyss:1  | freelancePsychic the Hill Orc Abyssal Knight began the
                  | quest for the Orb.
     0 | Abyss:1  | Reached XP level 1. HP: 19/19 MP: 2/2
   124 | D:1      | Escaped the Abyss
   164 | D:1      | Found a faded altar of an unknown god.
   179 | D:1      | HP: 1/20 [frozen (3)]
   181 | D:1      | Slain by a hobgoblin

Illustrated notes

Levels and vault maps discovered:
D:1:      dpeg_arrival_subterranean_lakeside_camping, layout_rooms,
          dreamdust_ecumenical_altar_statues, serial_bayou_pond_a

Action                   || total
-------------------------++-------
Melee: Hand axe          ||     8
Invok: Depart the Abyss  ||     1
Armor: Leather armour    ||     4
Dodge: Dodged            ||     6

Table legend: (Time is in decaauts)
 A = Elapsed time spent in this place.
 B = Non-inter-level travel time spent in this place.
 C = Inter-level travel time spent in this place.
 D = Time resting spent in this place.
 E = Time spent auto-exploring this place.
 F = Levels seen in this place.
 G = Mean time per level.
                   A        B        C        D        E       F      G
               +--------+--------+--------+--------+--------+-----+--------+
         Total |    182 |    182 |      0 |      0 |    153 |   2 |   91.0 |
       Dungeon |     58 |     58 |      0 |      0 |     29 |   1 |   58.0 |
         Abyss |    124 |    124 |      0 |      0 |    124 |   1 |  124.0 |
               +--------+--------+--------+--------+--------+-----+--------+

Top non-repeatable levels by time:
 Abyss:1: 124 daAuts
     D:1: 58 daAuts
